 Dungeon Crawl Stone Soup version 0.31-a0-977-gc230f8ef24 (webtiles) character file.

Game seed: 10589903617142283152

39 tsujin the Ruffian (level 3, -7/28 HPs)
             Began as a Gnoll Shapeshifter on Oct 30, 2023.
             Killed by an exploding goblin (35 damage)
             ... ignited by their inner flame
             ... on level 2 of the Dungeon.
             The game lasted 00:02:01 (862 turns).

tsujin the Ruffian (Gnoll Shapeshifter)              Turns: 862, Time: 00:02:01

Health: -7/28      AC:  8    Str: 15    XL:     3   Next: 47%
Magic:  4/4        EV:  8    Int:  9    God:
Gold:   31         SH:  0    Dex: 11    Spells: 3/3 levels left

rFire   . .          .
                       - Unarmed
rCold   . . .        (no shield)
rNeg    . . .        f - +0 chain mail
rPois   .            (helmet currently unavailable)
rElec   .            (cloak currently unavailable)
rCorr   .            (gloves currently unavailable)
SInv    .            (boots currently unavailable)
Will    .....        (no amulet) Stlth
                     (no ring)
HPRegen 0.24/turn    (no ring)
MPRegen 0.09/turn

%: no passive effects
@: beast-form
A: beast (slay +3), fangs 1, strong nose, distributed training
a: Begin Untransformation


You were on level 2 of the Dungeon.
You were a hulking beast.
You visited 1 branch of the dungeon, and saw 2 of its levels.

You collected 31 gold pieces.

Inventory:

Missiles
 h - 23 stones (quivered)
Armour
 f - a +0 chain mail (worn)
Jewellery
 i - a ring of willpower
Talismans
 c - a beast talisman
 d - a flux talisman
Potions
 b - a potion of lignification
 j - a potion of mutation {unknown}


   Skills:
 + Level 2.6 Fighting
 + Level 0.8 Short Blades
 + Level 0.8 Long Blades
 + Level 0.8 Axes
 + Level 0.8 Maces & Flails
 + Level 0.8 Polearms
 + Level 0.8 Staves
 + Level 0.8 Ranged Weapons
 + Level 0.8 Throwing
 + Level 0.8 Armour
 + Level 4.5 Dodging
 + Level 0.8 Stealth
 + Level 0.8 Shields
 + Level 6.5 Unarmed Combat
 + Level 0.8 Spellcasting
 + Level 0.5 Conjurations
 + Level 0.5 Hexes
 + Level 0.5 Summonings
 + Level 0.5 Necromancy
 + Level 0.5 Translocations
 + Level 0.5 Transmutations
 + Level 0.5 Fire Magic
 + Level 0.5 Ice Magic
 + Level 0.5 Air Magic
 + Level 0.5 Earth Magic
 + Level 0.5 Poison Magic
 + Level 1.0 Invocations
 + Level 0.8 Evocations
 + Level 6.5 Shapeshifting


You had 3 spell levels left.
You didn't know any spells.
Your spell library contained the following spells:

 Spells                   Type           Power      Damage    Failure   Level
 Foxfire                  Conj/Fire      4%         2x1d4     99%         1
 Plasma Beam              Fire/Air       0%         2x1d10    100%        6
 Starburst                Conj/Fire      0%         6d3       100%        6


Dungeon Overview and Level Annotations

Branches:
Dungeon (2/15)

Altars:


Innate Abilities, Weirdness & Mutations

You are a hulking beast.
Your limbs bulge with bestial killing power. (Slay +3)
You have very sharp teeth.
Your uncanny sense of smell can sniff out nearby items.
Your experience applies equally to all skills.


Message History

The quokka is moderately wounded.
The quokka bites you but does no damage.
You hit the quokka.
You kill the quokka!
No target in view!
No target in view!
You now have 31 gold pieces (gained 5).
A kobold comes into view. It is wielding a +0 whip.
A kobold is nearby!
A kobold is nearby!
The kobold hits you but does no damage.
You completely miss the kobold. You punch the kobold.
You kill the kobold!
No target in view!
No target in view!
No target in view!
You see here a +0 whip.
j - a black potion A goblin comes into view.
It is wielding a +0 dagger.
The goblin shouts!
A goblin is nearby!
As you read the scroll labelled LUVUFIG ACIWO, it crumbles to dust.
The creatures around you are filled with an inner flame!
It was a scroll of immolation.
As you read the scroll labelled NIDDUADENI, it crumbles to dust.
You feel aware of your surroundings.
It was a scroll of revelation.
As you read the scroll labelled VAGEAR OMEH, it crumbles to dust.
Wisps of shadow whirl around you...
It was a scroll of summoning.
The goblin hits your frilled lizard with a +0 dagger.
Your frilled lizard dies!
Your frilled lizard's corpse dissolves into shadows!
A rat comes into view.
You swap places.
A quokka comes into view.
The goblin hits you but does no damage.
The quokka moves out of view.
You punch the goblin!
The goblin explodes!
The fiery explosion engulfs you!!
Ouch! That really hurt!
You die...

,,,*,,..,,,,#...............#.###
,,,***......#........#......#.#
,,,,,*,..##.#.######.#.#......#
****,*,#....#.#....#.#.#.##.###**
,,,,,*,###..#.#...##.#...##.#,,,,
,,,,,*,###..#)#......######.#,***
,,,,,#.####...#.#.....,,,,#.#,*
,,,,*#......#...########*,#.#,*
,,,,**###......rh)ยง.....*,#.#,*
,,,,* ##....##.###.....*,#.#,*
+**** ##....##...#..r..*,...,* ,*
##....#........,.***,**** ,*
##....#........,,,,,,,,,* ,*
##....#......##***,,,**,* ,*****
##....#..$...## *,,,,**,* ,,,,,*
##....#......##**,**,**,** ****,*
*****,,,,,,,,,,,,,**,**,,,


You could see a rat and a friendly quokka (summoned).

Vanquished Creatures
  2 bats (D:1)
  3 endoplasms (D:1)
  4 goblins
  7 jackals (D:1)
  5 quokkas
  3 ball pythons (D:1)
  A frilled lizard (D:1)
  5 kobolds
  4 rats (D:1)
34 creatures vanquished.

Notes
Turn   | Place    | Note
-------+----------+-------------------------------------------
     0 | D:1      | tsujin the Gnoll Shapeshifter began the quest for the Orb.
     0 | D:1      | Reached XP level 1. HP: 17/17 MP: 1/1
   135 | D:1      | Reached XP level 2. HP: 19/23 MP: 2/2
   323 | D:1      | Reached XP level 3. HP: 28/28 MP: 3/3
   675 | D:1      | Reached skill level 1 in Invocations
   862 | D:2      | Killed by an exploding goblin... ignited by their inner
                  | flame

Illustrated notes

Levels and vault maps discovered:
D:1:      dpeg_arrival_houses_and_road, layout_basic
D:2:      layout_basic, uniq_terence

Skill      XL: |  1  2  3 |
---------------+----------+-----
Invocations    | 1 |  1.0
Fighting       | |  2.6
Short Blades   | |  0.8
Long Blades    | |  0.8
Axes           | |  0.8
Maces & Flails | |  0.8
Polearms       | |  0.8
Staves         | |  0.8
Ranged Weapons | |  0.8
Throwing       | |  0.8
Armour         | |  0.8
Dodging        | |  4.5
Stealth        | |  0.8
Shields        | |  0.8
Unarmed Combat | |  6.5
Spellcasting   | |  0.8
Conjurations   | |  0.5
Hexes          | |  0.5
Summonings     | |  0.5
Necromancy     | |  0.5
Translocations | |  0.5
Transmutations | |  0.5
Fire Magic     | |  0.5
Ice Magic      | |  0.5
Air Magic      | |  0.5
Earth Magic    | |  0.5
Poison Magic   | |  0.5
Evocations     | |  0.8
Shapeshifting  | |  6.5

Action                     || total
---------------------------++-------
  Melee: Unarmed           ||    68
         Bite              ||     4
         Punch             ||     1
  Throw: Stone             ||     4
    Use: Scroll            ||     3
 Armour: Chain mail        ||    36
         Animal skin       ||     4
  Dodge: Dodged            ||    24

Table legend: (Time is in decaauts)
 A = Elapsed time spent in this place.
 B = Non-inter-level travel time spent in this place.
 C = Inter-level travel time spent in this place.
 D = Time resting spent in this place.
 E = Time spent auto-exploring this place.
 F = Levels seen in this place.
 G = Mean time per level.
                   A        B        C        D        E       F      G
               +--------+--------+--------+--------+--------+-----+--------+
         Total |    854 |    806 |     48 |      0 |    565 |   2 |  427.0 |
       Dungeon |    854 |    806 |     48 |      0 |    565 |   2 |  427.0 |
               +--------+--------+--------+--------+--------+-----+--------+

Top non-repeatable levels by time:
     D:1: 794 daAuts
     D:2: 60 daAuts
